Map: [ESL] Blackburn

Players

SKillous - Winner!

  • Race: Protoss Protoss

Kelazhur

  • Race: Terran Terran

Event: IEM Katowice 2022

VOD

Have the link to the VOD?

Description

Time

  • Played on: Feb. 23, 2022, 10:19 a.m.
  • Length: 11:01

All games in this series

Show
View Real Time Build Order
Export as new Build Order

SKillous Protoss - Winner!

Build Orders: 1 Gate Expand, Blink Stalkers 

Get SALT Encoding   

  12  0:00  Probe  
  13  0:12  Probe  
  14  0:17  Pylon  
  14  0:24  Probe  
  15  0:35  Gateway  
  15  0:36  Probe (Chrono Boost)  
  16  0:46  Probe (Chrono Boost), Assimilator  
  17  0:51  Probe (Chrono Boost)  
  18  1:03  Probe  
  19  1:15  Probe  
  20  1:24  Cybernetics Core  
  20  1:33  Nexus  
  20  1:40  Pylon  
  20  1:43  Probe  
  21  1:48  Assimilator  
  21  1:55  Probe  
  21  1:57  Stalker (Chrono Boost)  
  24  2:05  Shield Battery  
  24  2:15  Probe (Chrono Boost)  
  25  2:21  Stalker  
  26  2:27  Probe (Chrono Boost)  
  26  2:28  Warp Gate  
  27  2:35  Probe (Chrono Boost)  
  28  2:42  Probe  
  29  2:48  Probe  
  30  2:51  Stalker  
  32  2:58  Twilight Council  
  32  3:04  Probe (Chrono Boost)  
  33  3:10  Probe (Chrono Boost)  
  34  3:15  Probe (Chrono Boost)  
  34  3:19  Probe (Chrono Boost)  
  36  3:24  Probe (Chrono Boost)  
  36  3:26  Probe (Chrono Boost)  
  38  3:29  Blink (Chrono Boost)  
  38  3:30  Probe (Chrono Boost)  
  38  3:32  Probe  
  40  3:38  Robotics Facility  
  40  3:42  Probe  
  40  3:44  Probe  
  41  3:51  Pylon  
  41  3:54  Probe  
  42  3:56  Probe  
  43  4:05  Gateway  
  43  4:06  Probe  
  43  4:08  Probe  
  45  4:17  Stalker  
  45  4:18  Probe  
  45  4:20  Probe  
  49  4:27  Observer  
  49  4:30  Probe  
  49  4:32  Probe  
  49  4:35  Nexus  
  49  4:42  Pylon  
  49  4:44  Probe (Chrono Boost)  
  50  4:46  Probe (Chrono Boost)  
  51  4:56  Observer  
  50  5:03  Probe (Chrono Boost)  
  50  5:05  Probe (Chrono Boost)  
  52  5:08  Probe (Chrono Boost)  
  52  5:10  Stalker  
  52  5:13  Probe  
  56  5:14  Assimilator  
  56  5:16  Charge  
  56  5:19  Observer  
  56  5:20  Observer  
  57  5:21  Pylon  
  57  5:22  Observer  
  57  5:23  Probe (Chrono Boost)  
  57  5:24  Forge  
  57  5:25  Probe (Chrono Boost)  
  59  5:29  Pylon  
  60  5:37  Probe (Chrono Boost)  
  60  5:40  Probe (Chrono Boost)  
  61  5:43  Probe (Chrono Boost)  
  61  5:46  Probe  
  61  5:47  Probe  
  61  5:48  Gateway  
  61  5:49  Gateway  
  64  5:53  Probe  
  64  5:56  Gateway  
  64  6:06  Warp Prism (Chrono Boost), Protoss Ground Weapons Level 1 (Chrono Boost)  
  64  6:07  Gateway x2  
  65  6:12  Observer  
  65  6:13  Probe  
  65  6:14  Probe  
  65  6:16  Probe  
  65  6:17  Sentry x2  
  72  6:20  Shield Battery  
  72  6:23  Observer  
  72  6:26  Gateway  
  72  6:27  Observer  
  72  6:30  Pylon  
  72  6:33  Immortal (Chrono Boost)  
  72  6:38  Probe  
  77  6:43  Pylon  
  77  6:50  Zealot x4  
  77  6:53  Pylon  
  85  6:59  Probe  
  85  7:00  Stalker  
  88  7:02  Pylon  
  88  7:03  Photon Cannon  
  88  7:05  Pylon  
  88  7:06  Photon Cannon  
  88  7:07  Observer (Chrono Boost)  
  89  7:14  Zealot x3  
  95  7:18  Stalker  
  95  7:21  Assimilator  
  97  7:23  Templar Archives  
  97  7:30  Pylon  
  93  7:38  Probe x3  
  96  7:45  Nexus, Zealot x3  
  96  7:50  Zealot  
  104  7:57  Shield Battery  
  104  7:58  Shield Battery  
  104  7:59  High Templar x2  
  104  8:00  Pylon, Zealot x2  
  104  8:02  Immortal (Chrono Boost)  
  104  8:04  Archon  
  116  8:11  High Templar  
  116  8:12  High Templar  
  120  8:13  Zealot x2  
  120  8:18  Archon  
  118  8:21  Zealot x2  
  118  8:37  Gateway, Zealot x4  
  118  8:39  Gateway  
  118  8:40  Gateway  
  124  8:43  Zealot  
  124  8:44  Zealot x2  
  120  8:50  Shield Battery  
  120  8:55  High Templar  
  120  8:58  High Templar  
  120  8:59  Zealot x3  
  120  9:02  Pylon  
  130  9:03  Archon  
  130  9:04  Stalker x3  
  136  9:14  Shield Battery  
  136  9:16  Pylon  
  136  9:19  Pylon  
  136  9:21  Zealot x3  
  139  9:28  Stalker x3  
  141  9:37  Zealot x3  
  146  9:44  Zealot x2  
  138  9:57  Zealot x3  
  114  10:00  Zealot  
  114  10:06  Zealot x2  
  94  10:09  Observer  
  88  10:14  Zealot x2  
  88  10:20  Zealot  
  94  10:27  Templar Archives  
  94  10:38  Zealot x5  
  98  10:44  Zealot x3  
  98  10:48  Shield Battery  
Show
View Real Time Build Order
Export as new Build Order

Kelazhur Terran 

Build Orders:  

Get SALT Encoding   

  12  0:00  SCV  
  13  0:12  SCV  
  14  0:17  Supply Depot  
  14  0:24  SCV  
  15  0:41  Barracks  
  15  0:42  SCV  
  16  0:46  Refinery  
  16  0:54  SCV  
  16  0:56  Refinery  
  17  1:07  SCV  
  18  1:19  SCV  
  19  1:28  Reaper  
  19  1:31  Orbital Command  
  20  1:35  Supply Depot  
  20  1:46  Bunker  
  20  1:53  Factory  
  20  2:00  Reaper  
  21  2:03  SCV  
  23  2:15  SCV  
  23  2:28  SCV  
  24  2:40  Widow Mine, SCV  
  24  2:44  Starport  
  27  2:53  SCV  
  27  2:55  Command Center  
  28  3:01  Supply Depot  
  28  3:02  Widow Mine  
  30  3:10  SCV  
  31  3:22  SCV, Medivac  
  31  3:24  Armory  
  31  3:25  Widow Mine  
  36  3:36  Bunker  
  36  3:37  Supply Depot  
  36  3:38  Barracks Reactor  
  36  3:39  SCV  
  37  3:48  Factory Tech Lab  
  37  4:07  Siege Tank  
  37  4:09  Orbital Command  
  39  4:10  SCV  
  39  4:13  Barracks  
  39  4:14  Marine x2  
  42  4:18  Starport Tech Lab  
  41  4:27  SCV  
  42  4:32  Marine x2  
  42  4:35  SCV  
  43  4:39  SCV  
  43  4:44  Barracks  
  44  4:47  SCV  
  44  4:48  Siege Tank  
  44  4:51  SCV  
  47  4:53  Marine  
  47  4:55  Marine  
  50  5:00  SCV  
  50  5:03  SCV  
  50  5:06  Refinery  
  49  5:09  Starport Tech Lab  
  49  5:11  Engineering Bay, Stimpack  
  49  5:12  SCV  
  50  5:15  SCV, Marine  
  50  5:17  Marine  
  50  5:19  Marauder  
  55  5:24  Supply Depot, SCV  
  56  5:29  SCV  
  56  5:33  Marine  
  56  5:34  Starport Reactor, Marine  
  59  5:37  Refinery, Terran Infantry Weapons Level 1  
  59  5:39  SCV  
  59  5:42  Marauder  
  62  5:46  Marauder  
  62  5:49  Supply Depot  
  64  5:50  SCV  
  64  5:52  Combat Shield  
  64  5:53  Marine  
  64  5:54  Marine  
  64  5:57  SCV  
  68  6:02  SCV  
  69  6:09  Supply Depot, SCV  
  69  6:10  Marauder x2  
  74  6:15  SCV  
  74  6:17  Supply Depot  
  75  6:21  Marine, Medivac  
  78  6:27  SCV, Marine, Medivac  
  82  6:33  Supply Depot  
  82  6:37  Marauder x2  
  82  6:39  Marine  
  87  6:45  Marine  
  88  6:54  Concussive Shells  
  88  6:57  Marine  
  88  6:58  Marauder x2  
  93  7:02  Marine  
  94  7:09  Command Center  
  94  7:12  Medivac x2  
  94  7:15  Marine  
  99  7:20  Marine  
  100  7:25  Marauder x2  
  96  7:37  Marine  
  96  7:38  Siege Tank  
  100  7:46  Marauder x2  
  100  7:47  Marine  
  100  7:49  Liberator  
  108  7:54  Supply Depot, Liberator  
  108  7:55  Marine  
  112  8:03  Terran Infantry Weapons Level 2  
  112  8:04  Supply Depot  
  112  8:06  Marine  
  112  8:08  Marauder  
  115  8:17  Marauder  
  104  8:24  Marine x2  
  98  8:29  Marauder  
  100  8:38  Marine  
  100  8:39  Bunker  
  99  8:42  Marine  
  98  8:53  Marine x2  
  100  9:04  Marine  
  100  9:06  Siege Tank  
  98  9:19  Marauder  
  98  9:23  Marine x2, Marauder  
  97  9:39  Bunker  
  97  9:40  Marine  
  97  9:41  Marine x2  
  97  9:44  Marine  
  71  10:01  Marauder  
  71  10:03  Marine  
  60  10:12  Marine  
  55  10:26  Marine, Marauder  

Tags
 
Add a new tag
Caveats
  • Supply blocks, unpowered buildings, or Contaminate may cause inaccurate times.
  • Supply counts are checked every 10 seconds.